 Dungeon Crawl Stone Soup version 0.17-a0-957-ga3519be (webtiles) character file.

18 msdanila the Ducker (level 2, 29/29 HPs)
             Began as a Troll Fighter on May 1, 2015.
             Was an Initiate of Cheibriados.
             Starved to death
             ... on level 3 of the Dungeon on May 7, 2015.
             The game lasted 00:15:58 (1413 turns).

msdanila the Ducker (Troll Fighter)                 Turns: 1413, Time: 00:15:58

Health: 29/29      AC:  5    Str: 24    XL:     2   Next: 51%
Magic:  1/1        EV:  8    Int:  5    God:    Cheibriados [......]
Gold:   59         SH:  9    Dex: 10    Spells: 0 memorised, 1 level left

rFire  . . .     SeeInvis .     a - +0 flail
rCold  . . .     Clarity  .     b - +0 robe
rNeg   . . .     SustAb   .     c - +1 shield
rPois  .         Gourm    +     (helmet restricted)
rElec  .         Spirit   .     (no cloak)
rCorr  .         Warding  .     (gloves unavailable)
rMut   .         Stasis   .     (boots unavailable)
MR     .....                    (no amulet)
Stlth  +.........               (no ring)
                                f - ring of flight

@: starving, very slow, not resistant to hostile enchantments, very unstealthy
A: unfitting armour, claws 3, fast metabolism 3, gourmand, regeneration 2,
shaggy fur 1, tough skin 2
a: Bend Time, Renounce Religion, Evoke Flight


You were on level 3 of the Dungeon.
You worshipped Cheibriados.
Cheibriados was noncommittal.
You were starving.

You visited 1 branch of the dungeon, and saw 3 of its levels.

You collected 59 gold pieces.

Inventory:

Hand weapons
 a - a +0 flail (weapon)
Armour
 b - a +0 robe (worn)
 c - a +1 shield (worn)
 g - a +0 pair of boots
Jewellery
 f - a ring of flight (left claw)
Potions
 d - a potion of might
 i - 2 potions of curing {unknown}
 l - a potion of resistance {unknown}
 m - a potion of heal wounds {unknown}
Comestibles
 e - 3 bread rations
 j - 3 fruits


   Skills:
 + Level 2.6 Fighting
 + Level 2.0 Maces & Flails
 + Level 2.7 Dodging
 + Level 2.6 Shields


You had one spell level left.
You didn't know any spells.

Dungeon Overview and Level Annotations

Branches:
Dungeon (3/15)

Altars:
Cheibriados
Makhleb


Innate Abilities, Weirdness & Mutations

You are too large for most types of armour.
You have claws for hands.
Your metabolism is lightning-fast.
You like to eat raw meat.
You heal very quickly.
You are covered in fur (AC +1).
You have very tough skin (AC +2).


Message History

Cheibriados is noncommittal.
You prostrate yourself in front of the altar and pray.
You offer a prayer to Cheibriados.
Cheibriados is noncommittal.
You prostrate yourself in front of the altar and pray.
You offer a prayer to Cheibriados.
Cheibriados is noncommittal.
You prostrate yourself in front of the altar and pray.
You offer a prayer to Cheibriados.
Cheibriados is noncommittal.
You prostrate yourself in front of the altar and pray.
You offer a prayer to Cheibriados.
Cheibriados is noncommittal.
You need to eat something NOW!
You need to eat something NOW!
You need to eat something NOW!
You need to eat something NOW!
You need to eat something NOW!
You have starved to death.
You die...

##.######******* #.# #.#
########.##########*******
#..............##..,,,,,,*
#.######..####.##.#*****,* #.#
#..# #.##.# *,*
#.######..####.##.#### *,*
#..†.......@.........# *,*
#.#####...####.##.##.# *,*
****#........(.###.##.##.# *,*
*,,,#.#####........##.##.###.#
*,*,..# ##.########........#
*,,,### #w# ####.##### **,**
#.# #.# *,* ##'## #.# *,*
##...## ##.##


There were no monsters in sight!

Vanquished Creatures
  A worm (D:3)
  An orc (D:3)
  2 goblins
  3 hobgoblins
  3 bats
  A giant newt (D:2)
  5 rats
16 creatures vanquished.

Notes
Turn   | Place    | Note
--------------------------------------------------------------
     0 | D:1      | msdanila, the Troll Fighter, began the quest for the Orb.
     0 | D:1      | Reached XP level 1. HP: 22/22 MP: 0/0
    99 | D:1      | Upgraded the game from 0.17-a0-877-ga10078a to 0.17-a0-957-ga3519be
   618 | D:2      | Reached XP level 2. HP: 29/29 MP: 1/1
   814 | D:3      | Found a burning altar of Makhleb.
   824 | D:3      | Became a worshipper of Makhleb the Destroyer
  1376 | D:3      | Found a snail-covered altar of Cheibriados.
  1392 | D:3      | Fell from the grace of Makhleb
  1392 | D:3      | Became a worshipper of Cheibriados the Contemplative
  1413 | D:3      | Starved to death

Action                   || total
-------------------------++-------
Melee: Flail             ||    75
  Use: Potion            ||     1
       Scroll            ||     3
  Eat: Meat ration       ||     1
       Fruit             ||     1
       Beef jerky        ||     1
